 Dungeon Crawl Stone Soup version 0.18-a0-1670-gb40d73e (webtiles) character file.

230 xeno23 the Ruffian (level 5, -6/53 HPs)
             Began as a Troll Chaos Knight on Apr 1, 2016.
             Mangled by a killer bee (7 damage)
             ... on level 2 of the Dungeon.
             The game lasted 00:04:21 (1661 turns).

xeno23 the Ruffian (Troll Chaos Knight)             Turns: 1661, Time: 00:04:22

Health: -6/53      AC:  7    Str: 20    XL:     5   Next: 72%
Magic:  4/4        EV: 16    Int:  9    God:    Xom [......]
Gold:   27         SH:  0    Dex: 14    Spells: 0 memorised, 4 levels left

rFire  . . .     SeeInvis .       - Unarmed
rCold  . . .     Gourm    +     a - +2 robe
rNeg   . . .     Faith    .     (no shield)
rPois  .         Spirit   .     (helmet restricted)
rElec  .         Dismiss  .     (no cloak)
rCorr  .         Reflect  .     (gloves unavailable)
SustAt .         Harm     .     (boots unavailable)
MR     .....                    (no amulet)
Stlth  ++........               (no ring)
                                (no ring)

@: agile, lethally poisoned (-6 -> -55), not resistant to hostile enchantments,
unstealthy
A: unfitting armour, claws 3, fast metabolism 3, gourmand, regeneration 2,
shaggy fur 1, tough skin 2
a: Renounce Religion


You were on level 2 of the Dungeon.
You worshipped Xom.
You were a very special plaything of Xom.
You were full.

You visited 1 branch of the dungeon, and saw 2 of its levels.

You collected 27 gold pieces.

Inventory:

Armour
 a - a +2 robe (worn)
Scrolls
 c - a scroll of teleportation {unknown}
 d - a scroll of magic mapping {unknown}
 e - a scroll of identify {unknown}
 k - a scroll of noise {unknown}
 m - a scroll of random uselessness {unknown}
 o - a scroll of recharging {unknown}
Potions
 f - 2 potions of heal wounds
 i - a potion of brilliance {unknown}
 l - a potion of invisibility {unknown}
 n - a potion of curing {unknown}
Comestibles
 b - 3 bread rations
 h - 3 fruits
 j - a meat ration


   Skills:
 + Level 3.6 Fighting
 + Level 2.8 Dodging
 * Level 4.9 Unarmed Combat


You had 4 spell levels left.
You didn't know any spells.

Dungeon Overview and Level Annotations

Branches:
Dungeon (2/15)

Altars:
Vehumet
Yredelemnul


Innate Abilities, Weirdness & Mutations

You are too large for most types of armour.
You have claws for hands.
Your metabolism is lightning-fast.
You like to eat raw meat.
You heal very quickly.
You are covered in fur (AC +1).
You have very tough skin (AC +2).


Message History

You scratch the killer bee but do no damage.
The killer bee is severely wounded.
* * * LOW HITPOINT WARNING * * *
You feel very sick. The killer bee closely misses you.
The killer bee stings you.
* * * LOW HITPOINT WARNING * * *
The killer bee barely misses you.
The killer bee stings you but does no damage.
You take 8 damage.
You claw the killer bee!
You kill the killer bee!
* * * LOW HITPOINT WARNING * * *
You feel very sick. The killer bee barely misses you.
The killer bee closely misses you.
You take 4 damage.
* * * LOW HITPOINT WARNING * * *
You feel very sick. The killer bee stings you!
You die...
Xom titters!

#### ♣PP♣P.P♣...... ######
♣....P...##... #....##
#♣♣.PP.♣###### ..P...##
#♣♣♣♣♣......# .PPP♣♣P##
#............ ....♣♣P.#
#.###.##.##.# #.P♣♣...#######
#####.###....##.#
#.♣..PP.......###.........##.....
#.P♣P.>######...@.#######.......#
..)....# #####y# ### #.##.....
.♣♣....# #.#######.......#
P♣♣♣..## #.'.._..+.####.##
♣.P..#### #.###.###.# #...#
P.......####### #.# #.# #.###...#
#..#.##.......###.###'###..##...#
..##.##..>.................##...#
#....##..[....##.###.............


You could see a killer bee.

Vanquished Creatures
  2 killer bees (D:2)
  Natasha (twice) (D:2)
  3 adders (D:2)
  3 gnolls (D:2)
  An ooze (D:1)
  2 dart slugs
  A giant gecko (D:2)
  2 giant cockroaches
  5 goblins
  A hobgoblin (D:2)
  6 kobolds (D:1)
  A quokka (D:2)
  3 bats
  2 giant newts
  5 rats
39 creatures vanquished.

Vanquished Creatures (others)
  A bush (D:2)
  2 plants (D:2)
3 creatures vanquished.

Grand Total: 42 creatures vanquished

Notes
Turn   | Place    | Note
--------------------------------------------------------------
     0 | D:1      | xeno23 the Troll Chaos Knight began the quest for the Orb.
     0 | D:1      | Reached XP level 1. HP: 22/22 MP: 0/0
     6 | D:1      | XOM: silly message
    11 | D:1      | XOM: enchant monster (bad)
    49 | D:1      | XOM: colour smoke trail
    72 | D:1      | XOM: silly message
   230 | D:1      | Reached XP level 2. HP: 28/29 MP: 1/1
   280 | D:1      | XOM: 1-stop teleportation journey
   841 | D:2      | Found a radiant altar of Vehumet.
   916 | D:2      | XOM: 5-stop teleportation journey
   937 | D:2      | Reached XP level 3. HP: 37/37 MP: 2/2
  1172 | D:2      | Reached XP level 4. HP: 17/45 MP: 3/3
  1178 | D:2      | Reached skill level 4 in Unarmed Combat
  1305 | D:2      | Found a basalt altar of Yredelemnul.
  1349 | D:2      | XOM is BORED!
  1349 | D:2      | XOM: medium Divn miscast
  1350 | D:2      | Noticed Natasha
  1353 | D:2      | Killed Natasha
  1447 | D:2      | Noticed Natasha
  1449 | D:2      | XOM: mild Pois miscast
  1455 | D:2      | Killed Natasha
  1455 | D:2      | Reached XP level 5. HP: 29/53 MP: 4/4
  1494 | D:2      | XOM: mild Summ miscast
  1647 | D:2      | XOM: confusion
  1661 | D:2      | HP: 1/53 [poisoned by a killer bee]
  1661 | D:2      | Mangled by a killer bee

Vault maps used:
D:1:      dpeg_arrival_stonehenge_8_columns, hex_tiny
D:2:      lemuel_doored_altar, marbit_many_paths,
          amethyst_overflow_temple_binary, first_bread, serial_forest,
          infiniplex_forest_clump_medium, infiniplex_forest_end_3,
          infiniplex_forest_3_way, infiniplex_forest_zigzag_1,
          infiniplex_forest_clump_large, infiniplex_forest_clump_curved,
          infiniplex_forest_clump_double, infiniplex_forest_clump_C,
          uniq_natasha

Skill      XL: |  1  2  3  4 |
---------------+-------------+-----
Dodging        | 2 |  2.8
Fighting       | 3 |  3.6
Unarmed Combat | 4 |  4.9

Action                   |  1- 3 |  4- 6 || total
-------------------------+-------+-------++-------
Melee: Unarmed           |    76 |    45 ||   121
  Use: Potion            |       |     4 ||     4
  Eat: Chunk             |     6 |    10 ||    16
       Pizza             |     1 |       ||     1
